AoeStats
← sophia

Scandinavia

510645148Analyzed
1v1 RM · 16h ago on Oct 2, 2026· 25m 46s· 2 players
Game mode
Random Map
Map size
Tiny (2 player)
Population
200
Speed
Normal
Resources
Standard
Victory
Conquest
Starting age
Dark Age
Ending age
Imperial Age
RankedLock teamsTeams togetherTeam positionsShared explorationLock speedFull tech treeHidden civsTurbo modeCheats
Victory
Defeat
🇩🇪 Mongols · Germany
427
+22
🇮🇹 Mongols · Italy
574
-22
sophia
4:00 Loom
12:24 Feudal Age
13:16 Double-Bit Axe
16:02 Castle Age
14:09 Scale Barding Armor
14:15 Forging
14:21 Horse Collar
14:58 Fletching
18:46 Padded Archer Armor
21:46 Bloodlines
23:47 Husbandry
Bufalo
0:34 Loom
10:31 Feudal Age
11:09 Double-Bit Axe
14:24 Town Watch
20:58 Castle Age
19:53 Fletching
21:14 Elite Skirmisher
23:58 Bow Saw
23:31 Pikeman
Connection lost

Rejoining the realm…

Still unreachable

The connection could not be restored.

Session expired

The server has moved on; the page needs a fresh start.